[Event "Titled Tuesday Blitz February 28 Early 2023"]
[White "Lorenzo De La Riva, Lazaro"]
[Black "Manukyan, Artyom"]
[WhiteFideId "2268809"]
[BlackFideId "13305786"]
[WhiteElo "2294"]
[BlackElo "2078"]
[Result "1/2-1/2"]
[Round "05"]
[TimeControl "180+2"]
[Date "2023.02.28"]
[WhiteClock "0:00:39"]
[BlackClock "0:01:52"]

1. e4 e6 2. d3 d5 3. Qe2 Nf6 4. Nf3 Be7 5. g3 c5 6. Bg2 O-O 7. O-O Nc6 8. e5 Nd7 9. c4 a5 10. Nc3 d4 11. Nb5 a4 12. h4 f5 13. exf6 Nxf6 14. Bh3 Kh8 15. Bxe6 Bxe6 16. Qxe6 Nb4 17. Qe2 Ng4 18. Ne1 Qd7 19. a3 Nc6 20. Bf4 Rae8 21. Qd2 Nce5 22. Bxe5 Nxe5 23. f4 Ng4 24. Ng2 Bf6 25. Rae1 h6 26. Rxe8 Rxe8 27. Re1 Ne3 28. Nxe3 dxe3 29. Rxe3 Bd4 30. Nxd4 Qxd4 31. Kf2 Rxe3 32. Qxe3 Qxb2+ 33. Kf3 Qxa3 34. Qe8+ Kh7 35. Qe4+ Kg8 36. Qd5+ Kh7 37. h5 Qc3 38. Qf5+ Kg8 39. Qc8+ Kh7 40. Qf5+ Kg8 41. Qc8+ Kh7 42. Qf5+ 1/2-1/2


[Site "https://www.chess.com"]

[Event "Titled Tuesday Blitz February 28 Early 2023"]
[White "Omariev, Maksim"]
[Black "Sovetbekova, Nurai"]
[WhiteFideId "4193423"]
[BlackFideId "13801910"]
[WhiteElo "2484"]
[BlackElo "1857"]
[Result "0-1"]
[Round "05"]
[TimeControl "180+2"]
[Date "2023.02.28"]
[WhiteClock "0:00:03"]
[BlackClock "0:00:06"]

1. g4 d5 2. Bg2 g6 3. h3 Bg7 4. c4 c6 5. Nc3 Nf6 6. g5 Ne4 7. Nxe4 dxe4 8. Bxe4 O-O 9. d3 Nd7 10. Qc2 Nc5 11. Bg2 Qb6 12. Nf3 Qb4+ 13. Nd2 Rd8 14. h4 Bf5 15. a3 Qb6 16. O-O Nxd3 17. exd3 Bxd3 18. Qb3 Qxb3 19. Nxb3 Bxc4 20. Na5 Bxf1 21. Kxf1 Rd1+ 22. Ke2 Rd4 23. f4 e5 24. Be3 Ra4 25. Nxb7 exf4 26. Bf2 Re8+ 27. Kf3 Bxb2 28. Ra2 Be5 29. Nc5 Ra5 30. Ne4 Rd5 31. Kg4 Rd3 32. Nf6+ Bxf6 33. gxf6 h5+ 34. Kg5 Kh7 35. Kxf4 Re6 36. Bxc6 Rxc6 37. Ke4 Rdd6 38. Bd4 Re6+ 39. Kf4 Rc4 40. Rd2 Rxf6+ 41. Kg5 Rf5# 0-1


[Site "https://www.chess.com"]

[Event "Titled Tuesday Blitz February 28 Early 2023"]
[White "Alhadad, Mahmoud"]
[Black "Balla, Tamas-Kristof"]
[WhiteFideId "11501863"]
[BlackFideId "1208497"]
[WhiteElo "1955"]
[BlackElo "2334"]
[Result "0-1"]
[Round "05"]
[TimeControl "180+2"]
[Date "2023.02.28"]
[WhiteClock "0:00:38"]
[BlackClock "0:01:09"]

1. e4 c5 2. Nc3 Nc6 3. Bb5 Nd4 4. Nf3 Nf6 5. e5 Nxb5 6. Nxb5 Nd5 7. c4 Nc7 8. Nc3 Ne6 9. d4 cxd4 10. Nxd4 Nxd4 11. Qxd4 e6 12. Ne4 Bb4+ 13. Bd2 Bxd2+ 14. Qxd2 O-O 15. O-O b6 16. Rad1 Bb7 17. Nd6 Bc6 18. b4 a6 19. f4 f6 20. Qc2 fxe5 21. fxe5 Qg5 22. Qe2 h5 23. Rde1 h4 24. Qe3 Qxg2# 0-1


[Site "https://www.chess.com"]

[Event "Titled Tuesday Blitz February 28 Early 2023"]
[White "Sokac, Marko"]
[Black "Wilson, Elvin"]
[WhiteFideId "14531356"]
[BlackFideId "2014874"]
[WhiteElo "2355"]
[BlackElo "2302"]
[Result "1-0"]
[Round "05"]
[TimeControl "180+2"]
[Date "2023.02.28"]
[WhiteClock "0:01:57"]
[BlackClock "0:00:09"]

1. e4 e6 2. d4 d5 3. Nc3 Bb4 4. Ne2 dxe4 5. a3 Bxc3+ 6. Nxc3 Nc6 7. Be3 Nge7 8. Nxe4 O-O 9. Bd3 Nxd4 10. Qh5 Ndf5 11. O-O-O Ng6 12. Ng5 Nh6 13. Nxh7 Qh4 14. Qxh4 Nxh4 15. Nxf8 Kxf8 16. Bc5+ Kg8 17. Be4 f5 18. Rd8+ Kf7 19. Bf3 Nxf3 20. gxf3 b6 21. Bd4 Bb7 22. Rd7+ Kf8 23. Bxg7+ Ke8 24. Rxc7 Bxf3 25. Re1 Kd8 26. Rc3 Ng4 27. Rxf3 1-0


[Site "https://www.chess.com"]

[Event "Titled Tuesday Blitz February 28 Early 2023"]
[White "Zaichenko, Daria"]
[Black "Womacka, Mathias"]
[WhiteFideId "4197453"]
[BlackFideId "4611390"]
[WhiteElo "2039"]
[BlackElo "2377"]
[Result "0-1"]
[Round "05"]
[TimeControl "180+2"]
[Date "2023.02.28"]
[WhiteClock "0:01:15"]
[BlackClock "0:00:41"]

1. e4 c5 2. Nf3 d6 3. d4 cxd4 4. Nxd4 Nf6 5. Nc3 a6 6. Bd3 Nc6 7. Nb3 e6 8. O-O Be7 9. a4 b6 10. Be3 O-O 11. f4 Bb7 12. Qf3 Nb4 13. a5 b5 14. Bb6 Qd7 15. Rad1 Nxd3 16. Rxd3 b4 17. Nc5 Qc8 18. Nxb7 Qxb7 19. e5 Qxf3 20. Rfxf3 bxc3 21. exf6 cxb2 22. Rb3 Bxf6 23. c3 Rfc8 24. Rxb2 Rxc3 25. Rxc3 Bxc3 26. Rc2 Bb4 27. Kf1 g6 28. Ke2 Bc5 29. Bxc5 Rc8 30. Kd3 dxc5 31. Kc4 Rb8 32. Kxc5 Rb5+ 33. Kd6 Rxa5 34. Ke7 Kg7 35. Rc6 Ra2 36. g4 Rxh2 37. Rxa6 Rf2 38. Ra4 h5 39. gxh5 gxh5 40. Kd6 h4 41. Ke5 Re2+ 42. Kd4 Kg6 43. Kd3 Rg2 44. f5+ Kxf5 45. Rxh4 e5 46. Ke3 Rg3+ 47. Kf2 Ra3 48. Ke2 e4 49. Kf2 Ke5 0-1


[Site "https://www.chess.com"]

[Event "Titled Tuesday Blitz February 28 Early 2023"]
[White "Golubev, Mikhail"]
[Black "Martin, Lewis"]
[WhiteFideId "14100983"]
[BlackFideId "410551"]
[WhiteElo "2374"]
[BlackElo "2145"]
[Result "1-0"]
[Round "05"]
[TimeControl "180+2"]
[Date "2023.02.28"]
[WhiteClock "0:00:09"]
[BlackClock "0:00:04"]

1. e4 c5 2. Nf3 d6 3. d4 cxd4 4. Nxd4 Nf6 5. Nc3 a6 6. Bc4 e5 7. Nf5 g6 8. Ne3 Be6 9. O-O Nbd7 10. Ned5 Rc8 11. Nxf6+ Nxf6 12. Bxe6 fxe6 13. f4 exf4 14. Bxf4 Be7 15. Bh6 Rg8 16. Kh1 g5 17. Qd2 Ng4 18. Qe2 Ne5 19. Qh5+ Rg6 20. Bg7 g4 21. Qxh7 Rg5 22. Rad1 Qa5 23. Bf6 Bxf6 24. Rxf6 Kd8 25. Rf8# 1-0


[Site "https://www.chess.com"]

[Event "Titled Tuesday Blitz February 28 Early 2023"]
[White "Sprenar, Petr"]
[Black "Jiganchine, Roman"]
[WhiteFideId "397164"]
[BlackFideId "2603667"]
[WhiteElo "2182"]
[BlackElo "2279"]
[Result "0-1"]
[Round "05"]
[TimeControl "180+2"]
[Date "2023.02.28"]
[WhiteClock "0:00:04"]
[BlackClock "0:00:54"]

1. d4 d5 2. c4 e6 3. Nf3 Nf6 4. Nc3 c5 5. cxd5 cxd4 6. Nxd4 Nxd5 7. e4 Nxc3 8. bxc3 Be7 9. Bd3 O-O 10. O-O Nd7 11. Be3 a6 12. Kh1 Qc7 13. Rc1 b5 14. f4 Bb7 15. Nb3 Rfd8 16. Qe2 e5 17. f5 Nc5 18. Nxc5 Bxc5 19. f6 Bf8 20. fxg7 Bxg7 21. c4 b4 22. c5 Qc6 23. Bc4 Qxe4 24. Rxf7 Kh8 25. Bg5 Rd4 26. Qxe4 Bxe4 27. Be3 Rxc4 28. Rxc4 Bd5 29. Rxb4 Bxf7 30. c6 Bf8 31. Rb7 Bd5 32. Rb6 Rc8 33. Rxa6 Bxc6 0-1


[Site "https://www.chess.com"]

[Event "Titled Tuesday Blitz February 28 Early 2023"]
[White "Herbst, Richard"]
[Black "Buchenau, Frank"]
[WhiteFideId "2041251"]
[BlackFideId "4604350"]
[WhiteElo "2141"]
[BlackElo "2157"]
[Result "0-1"]
[Round "05"]
[TimeControl "180+2"]
[Date "2023.02.28"]
[WhiteClock "0:00:17"]
[BlackClock "0:01:14"]

1. e4 e6 2. d4 d5 3. Nd2 c5 4. exd5 Qxd5 5. Ngf3 cxd4 6. Bc4 Qd6 7. O-O Nf6 8. Nb3 Nc6 9. Nbxd4 Nxd4 10. Nxd4 a6 11. c3 Qc7 12. Bb3 Bd6 13. h3 O-O 14. Qf3 e5 15. Ne2 e4 16. Qe3 Re8 17. Nd4 Bd7 18. a4 Rad8 19. a5 Bh2+ 20. Kh1 Be5 21. Bd2 Bc8 22. f4 exf3 23. Qxf3 Bxd4 24. cxd4 Be6 25. d5 Bxd5 26. Bxd5 Rxd5 27. Bg5 Ne4 0-1


[Site "https://www.chess.com"]

[Event "Titled Tuesday Blitz February 28 Early 2023"]
[White "Lauridsen, Jesper Morch"]
[Black "Sanchez, Robert"]
[WhiteFideId "1401890"]
[BlackFideId "2034360"]
[WhiteElo "2249"]
[BlackElo "2432"]
[Result "0-1"]
[Round "05"]
[TimeControl "180+2"]
[Date "2023.02.28"]
[WhiteClock "0:00:37"]
[BlackClock "0:00:45"]

1. c4 c6 2. e4 d5 3. exd5 cxd5 4. d4 Nf6 5. Nf3 Nc6 6. Nc3 e6 7. a3 Be7 8. cxd5 exd5 9. Bd3 O-O 10. h3 h6 11. Bf4 Be6 12. O-O Rc8 13. Bc2 a6 14. Qd3 b5 15. Rfe1 b4 16. Na4 Ne4 17. Qxa6 bxa3 18. bxa3 Nb4 19. axb4 Rxc2 20. Nc5 Bxc5 21. bxc5 Rxf2 22. Rxe4 dxe4 23. Kxf2 exf3 24. Bd6 Qh4+ 25. Kxf3 Bd5+ 26. Ke2 Re8+ 27. Be5 Qxd4 28. Qb5 Rxe5+ 29. Kf1 Bc4+ 0-1


[Site "https://www.chess.com"]

[Event "Titled Tuesday Blitz February 28 Early 2023"]
[White "Ardila, Oscar Humberto"]
[Black "Shuvalov, Evgenij"]
[WhiteFideId "4404742"]
[BlackFideId "4187237"]
[WhiteElo "1946"]
[BlackElo "2080"]
[Result "0-1"]
[Round "05"]
[TimeControl "180+2"]
[Date "2023.02.28"]
[WhiteClock "0:00:08"]
[BlackClock "0:00:58"]

1. d4 Nf6 2. c4 g6 3. Nc3 d5 4. Nf3 Bg7 5. e3 c5 6. Be2 Nc6 7. dxc5 Qa5 8. cxd5 Nxd5 9. Qxd5 Bxc3+ 10. Kf1 Be6 11. Qd3 Bf6 12. Bd2 Qxc5 13. Rc1 Qb6 14. Bc3 Rd8 15. Qc2 Bxa2 16. Bxf6 exf6 17. Qc3 Rd6 18. g3 O-O 19. Kg2 Rfd8 20. Ra1 Bd5 21. Rhd1 Ne5 22. Rxd5 Rxd5 23. h4 a6 24. h5 Qc6 25. Qb4 Rd2 0-1


[Site "https://www.chess.com"]

[Event "Titled Tuesday Blitz February 28 Early 2023"]
[White "Schut, Han"]
[Black "Kovalevsky, Stanislav"]
[WhiteFideId "1005561"]
[BlackFideId "13508598"]
[WhiteElo "2024"]
[BlackElo "2220"]
[Result "1-0"]
[Round "05"]
[TimeControl "180+2"]
[Date "2023.02.28"]
[WhiteClock "0:00:15"]
[BlackClock "0:00:23"]

1. e4 e6 2. d4 d5 3. e5 c5 4. c3 Nc6 5. Nf3 f6 6. Bd3 cxd4 7. cxd4 fxe5 8. Nxe5 Nxe5 9. dxe5 g6 10. h4 Bg7 11. h5 Ne7 12. Bg5 Qa5+ 13. Kf1 Bxe5 14. Nd2 Bd7 15. hxg6 hxg6 16. Rxh8+ Bxh8 17. Nb3 Qb4 18. Bxe7 Kxe7 19. Bxg6 Bxb2 20. Rb1 Rh8 21. Kg1 Qh4 22. f3 Be5 23. Qc2 Bd4+ 24. Nxd4 Qxd4+ 25. Kf1 Rh1+ 26. Ke2 Rxb1 27. Qxb1 b6 28. g4 a6 29. Kf1 Bb5+ 30. Kg2 Qd2+ 31. Kg3 e5 32. Bh7 Qf4+ 33. Kg2 Be2 34. Qb3 e4 35. Qa3+ Kf6 36. Qf8+ Ke5 37. Qb8+ Kd4 38. Qxf4 Bd3 39. Kg3 Kc3 40. fxe4 d4 41. e5 Kc4 42. Bxd3+ Kxd3 43. e6 Kc3 44. Qd6 d3 45. Qxd3+ Kxd3 46. e7 Kc4 47. e8=Q b5 48. Qd7 a5 49. Qb7 Kb4 50. Qa6 a4 51. g5 Ka3 52. Qxb5 Kxa2 53. Qxa4+ Kb2 54. Qe4 Kc3 55. g6 Kd2 56. g7 Kc3 57. g8=Q Kd2 58. Qe7 Kc3 59. Qgd8 Kb2 60. Qec7 Ka1 61. Qdb8 Ka2 62. Qca7# 1-0


[Site "https://www.chess.com"]

[Event "Titled Tuesday Blitz February 28 Early 2023"]
[White "Clawitter, Craig"]
[Black "Albertini, Luca"]
[WhiteFideId "2023105"]
[BlackFideId "847038"]
[WhiteElo "2229"]
[BlackElo "2197"]
[Result "1-0"]
[Round "05"]
[TimeControl "180+2"]
[Date "2023.02.28"]
[WhiteClock "0:00:10"]
[BlackClock "0:00:24"]

1. e4 e5 2. Nc3 Bc5 3. f4 d6 4. Nf3 Nf6 5. Bc4 Nc6 6. d3 Bg4 7. Na4 Nd4 8. c3 Nxf3+ 9. gxf3 Bh3 10. Nxc5 dxc5 11. fxe5 Nd7 12. Bf4 Qe7 13. Qb3 Bg2 14. Rg1 Bxf3 15. Rxg7 Nxe5 16. Qxb7 Rd8 17. Bxe5 Qxe5 18. Qc6+ Rd7 19. Rxf7 Bg4 20. Qa8+ Rd8 21. Qc6+ Bd7 22. Qf6 Qxf6 23. Rxf6 Ke7 24. Rf7+ Kd6 25. Kd2 Be6 26. Bxe6 Kxe6 27. Raf1 Rhg8 28. R1f6+ Ke5 29. Rf5+ Ke6 30. Rxc7 Rg2+ 31. Ke3 Rxh2 32. Rcxc5 Rh3+ 33. Kf4 Rdxd3 34. Rce5+ Kd6 35. Rd5+ Ke6 36. Rxd3 Rxd3 37. Rh5 Rd7 38. Rh6+ Ke7 39. Rxh7+ Kd6 40. Rxd7+ Kxd7 41. Kf5 Kd6 42. Kf6 a5 43. e5+ Kc5 44. e6 Kc4 45. e7 Kd3 46. e8=Q Kc2 47. Qb5 Kb1 48. Qxa5 Kxb2 49. Qb4+ Ka1 50. c4 Kxa2 51. c5 Ka1 52. c6 Ka2 53. c7 Ka1 54. c8=Q Ka2 55. Qa6# 1-0


[Site "https://www.chess.com"]

[Event "Titled Tuesday Blitz February 28 Early 2023"]
[White "Ciuffoletti, Paolo"]
[Black "Hajiyev, Kanan"]
[WhiteFideId "807630"]
[BlackFideId "13404148"]
[WhiteElo "2143"]
[BlackElo "2103"]
[Result "1-0"]
[Round "05"]
[TimeControl "180+2"]
[Date "2023.02.28"]
[WhiteClock "0:00:48"]
[BlackClock "0:00:09"]

1. e4 c6 2. d4 d5 3. exd5 cxd5 4. c4 Nf6 5. Nc3 e6 6. Nf3 Bb4 7. Bd3 dxc4 8. Bxc4 O-O 9. O-O Nc6 10. Bg5 h6 11. Bh4 Be7 12. a3 b6 13. Rc1 Bb7 14. Ba2 Nh5 15. Bxe7 Qxe7 16. d5 Rad8 17. Qa4 exd5 18. Nxd5 Qd7 19. Qh4 g6 20. Rcd1 Qf5 21. Nd4 Qg5 22. Qxg5 hxg5 23. Nxc6 Bxc6 24. Ne7+ Kg7 25. Nxc6 Rc8 26. Nd4 Nf4 27. g3 Nh3+ 28. Kg2 g4 29. Rfe1 Rc7 30. Re4 f6 31. Ne6+ 1-0


[Site "https://www.chess.com"]

[Event "Titled Tuesday Blitz February 28 Early 2023"]
[White "Rose, Felix"]
[Black "Bogaudinov, Rushan"]
[WhiteFideId "5105722"]
[BlackFideId "4129288"]
[WhiteElo "2039"]
[BlackElo "2063"]
[Result "0-1"]
[Round "05"]
[TimeControl "180+2"]
[Date "2023.02.28"]
[WhiteClock "0:00:44"]
[BlackClock "0:01:03"]

1. e4 c5 2. Nf3 Nc6 3. d4 cxd4 4. Nxd4 a6 5. Nc3 e6 6. Be3 Qc7 7. Qf3 Nf6 8. O-O-O Nxd4 9. Bxd4 Be7 10. Qg3 Qxg3 11. hxg3 b5 12. f3 Bb7 13. g4 d5 14. g5 Nd7 15. Bxg7 Bxg5+ 16. Kb1 Rg8 17. Rxh7 b4 18. Na4 dxe4 19. Rxd7 Kxd7 20. Nb6+ Ke7 21. Nxa8 Bxa8 22. Bxa6 exf3 23. gxf3 Bxf3 24. Bd3 Bd5 25. c4 bxc3 26. Bxc3 Bf4 27. Bb4+ Kf6 28. Bc3+ e5 29. a4 Rg1+ 30. Kc2 Rc1# 0-1


[Site "https://www.chess.com"]

[Event "Titled Tuesday Blitz February 28 Early 2023"]
[White "Devaev, Alexander"]
[Black "Hartikainen, Jarmo"]
[WhiteFideId "4169395"]
[BlackFideId "503134"]
[WhiteElo "2225"]
[BlackElo "2203"]
[Result "1-0"]
[Round "05"]
[TimeControl "180+2"]
[Date "2023.02.28"]
[WhiteClock "0:01:15"]
[BlackClock "0:00:02"]

1. d4 Nf6 2. c4 g6 3. Nc3 d5 4. Nf3 Bg7 5. Bg5 Ne4 6. cxd5 Nxg5 7. Nxg5 e6 8. Nf3 exd5 9. b4 O-O 10. e3 a5 11. b5 c5 12. bxc6 bxc6 13. Rc1 Ba6 14. Bxa6 Nxa6 15. O-O Qd6 16. Na4 Rab8 17. Qe2 Rb5 18. Rc2 Rfb8 19. Rfc1 Nb4 20. Rc5 Rxc5 21. Nxc5 Rb5 22. a3 Na6 23. Nxa6 Qxa3 24. Qd1 Bf8 25. Ra1 Qc3 26. g3 Bb4 27. Rc1 Qa3 28. Rxc6 a4 29. Nxb4 Rxb4 30. Kg2 Qb3 31. Qxb3 axb3 32. Rc1 b2 33. Rb1 Kg7 34. Kf1 f6 35. Ke2 g5 36. h3 h5 37. g4 hxg4 38. hxg4 Rb8 39. Ne1 Kg6 40. Nd3 f5 41. gxf5+ Kxf5 42. Rxb2 Rh8 43. Rb5 Ke4 44. f3+ Kf5 45. Rxd5+ Kf6 46. Re5 Rh2+ 47. Nf2 Rg2 48. e4 Rg1 49. Ng4+ Kg6 50. d5 Ra1 51. Re6+ Kg7 52. Kf2 Ra2+ 53. Kg3 Ra3 54. Ne3 Rxe3 55. Kg4 Kf7 56. Re5 Rd3 57. Rf5+ Ke7 58. Rxg5 Rd1 59. Kf4 Rd2 60. Rg7+ Kf8 61. Ra7 Ke8 62. Ke5 Kd8 63. f4 Ke8 64. f5 Kd8 65. Ke6 Re2 66. e5 Kc8 67. f6 Kb8 68. Re7 Kc8 69. f7 Rf2 70. Re8+ Kc7 71. f8=Q Rxf8 72. Rxf8 Kb6 73. d6 Kc6 74. d7 Kc5 75. d8=Q Kc6 76. Qd6+ Kb5 77. Rb8+ 1-0


[Site "https://www.chess.com"]

[Event "Titled Tuesday Blitz February 28 Early 2023"]
[White "Kiseljova, Marya"]
[Black "Pein, Jonathan"]
[WhiteFideId "4155009"]
[BlackFideId "417092"]
[WhiteElo "1807"]
[BlackElo "2151"]
[Result "0-1"]
[Round "05"]
[TimeControl "180+2"]
[Date "2023.02.28"]
[WhiteClock "0:00:19"]
[BlackClock "0:01:19"]

1. d4 b5 2. e4 a6 3. Bd3 Bb7 4. Ne2 e6 5. c3 c5 6. O-O Nc6 7. Be3 cxd4 8. Nxd4 Nf6 9. Nd2 Qc7 10. a4 bxa4 11. Rxa4 h5 12. Qe2 Ng4 13. N2f3 Nxe3 14. Qxe3 Be7 15. Rfa1 a5 16. Nb5 Qb8 17. Qb6 O-O 18. h3 Ba6 19. Qxb8 Rfxb8 20. c4 Bb4 21. Nfd4 Nxd4 22. Nxd4 Bb7 23. Nb5 Bc6 24. Kf1 h4 25. Ke2 Kf8 26. Kf3 f5 27. Ke2 fxe4 28. Bc2 Rxb5 29. cxb5 Bxb5+ 30. Ke3 Bxa4 31. Rxa4 d5 32. Bd1 Ke7 33. Be2 Kd6 34. Ra1 Ke5 35. Rc1 d4# 0-1


[Site "https://www.chess.com"]

[Event "Titled Tuesday Blitz February 28 Early 2023"]
[White "Pourkashiyan, Atousa"]
[Black "Hertlein, Irena"]
[WhiteFideId "12502014"]
[BlackFideId "21817618"]
[WhiteElo "2228"]
[BlackElo "1776"]
[Result "0-1"]
[Round "05"]
[TimeControl "180+2"]
[Date "2023.02.28"]
[WhiteClock "0:00:15"]
[BlackClock "0:00:14"]

1. Nf3 c5 2. g3 g6 3. Bg2 Nc6 4. O-O Bg7 5. c3 e5 6. e4 d6 7. d3 Nge7 8. a4 O-O 9. Na3 h6 10. Nc4 f5 11. Re1 Be6 12. b3 g5 13. Bb2 f4 14. d4 g4 15. Nh4 exd4 16. cxd4 Nxd4 17. Rb1 f3 18. Bf1 Nec6 19. Ne3 Bf6 20. Nhf5 Bxf5 21. Nxf5 Nxf5 22. Bxf6 Qxf6 23. Qd5+ Kg7 24. exf5 Nd4 25. Bc4 Rae8 26. Rbd1 Re5 27. Qxb7+ Rf7 28. Qxf7+ Qxf7 29. Bxf7 Kxf7 30. Rxe5 dxe5 31. Rd3 e4 32. Rc3 Ne2+ 33. Kf1 Nxc3 34. Ke1 Nd5 35. Kd2 Kf6 36. h4 Kxf5 37. Kc2 Ke5 38. Kd2 Kd4 39. a5 Nb4 40. Kd1 Kc3 41. a6 Kxb3 42. Kd2 Kc4 43. Ke3 Kb3 44. Kf4 c4 45. Kxe4 c3 46. Kf4 c2 47. Kxg4 c1=Q 48. Kxf3 Qc6+ 49. Kf4 Qxa6 50. g4 Qf6+ 51. Kg3 Nd5 52. f4 Qxf4+ 53. Kh3 Qf3+ 54. Kh2 Qxg4 55. h5 Ne3 56. Kh1 Qg2# 0-1


[Site "https://www.chess.com"]

[Event "Titled Tuesday Blitz February 28 Early 2023"]
[White "Sailer, Mike"]
[Black "Fan_Of_Chucky"]
[WhiteFideId "2012901"]
[WhiteElo "2109"]
[BlackElo "2409"]
[Result "1-0"]
[Round "05"]
[TimeControl "180+2"]
[Date "2023.02.28"]
[WhiteClock "0:00:19"]
[BlackClock "0:00:04"]

1. d4 Nf6 2. Bg5 Ne4 3. Bf4 d5 4. f3 g6 5. fxe4 dxe4 6. Nc3 Bg7 7. e3 c5 8. Bb5+ Bd7 9. Bxd7+ Nxd7 10. Nxe4 cxd4 11. exd4 Qb6 12. Nf3 e5 13. Nxe5 Nxe5 14. Bxe5 Bxe5 15. dxe5 Qb4+ 16. Nc3 Qxb2 17. Ne2 Rd8 18. Qc1 Qxe5 19. O-O O-O 20. Ng3 Rfe8 21. Kh1 h5 22. Qf4 Qxf4 23. Rxf4 Re3 24. Rf2 Ra3 25. Nf1 Rc8 26. Kg1 b5 27. Rd2 Rac3 28. Rc1 Ra3 29. c3 Rcxc3 30. Rxc3 Rxc3 31. Rb2 Ra3 32. Nd2 a5 33. Ne4 b4 34. Kf2 a4 35. Nc5 Kf8 36. Ke2 Ke7 37. Kd2 Kd6 38. Nd3 b3 39. axb3 axb3 40. Nc1 Ra1 41. Rxb3 Ra7 42. Rd3+ Ke6 43. Re3+ Kf6 44. Ke2 Rc7 45. Nd3 g5 46. h3 Kg7 47. Kf3 f6 48. Nb4 Kg6 49. Nd5 Rc6 50. Ne7+ 1-0


[Site "https://www.chess.com"]

[Event "Titled Tuesday Blitz February 28 Early 2023"]
[White "Gutierrez Espinosa, Karen"]
[Black "Nur-Mukhametova, Alisa"]
[WhiteFideId "3513238"]
[BlackFideId "54117739"]
[WhiteElo "2017"]
[BlackElo "2007"]
[Result "1/2-1/2"]
[Round "05"]
[TimeControl "180+2"]
[Date "2023.02.28"]
[WhiteClock "0:00:03"]
[BlackClock "0:00:03"]

1. e4 c5 2. Nf3 d6 3. d4 cxd4 4. Nxd4 Nf6 5. Nc3 a6 6. Bc4 Nbd7 7. Bb3 Nc5 8. O-O e6 9. f4 Be7 10. e5 dxe5 11. fxe5 Nfd7 12. Bf4 O-O 13. Qg4 Nxb3 14. Nxb3 Kh8 15. Ne4 Qc7 16. Nd6 Bxd6 17. exd6 Qb6+ 18. Kh1 e5 19. Bg5 Qxd6 20. Rad1 Qg6 21. Qh4 f6 22. Be3 Re8 23. c3 Nf8 24. Nc5 Ne6 25. Rd6 Nxc5 26. Bxc5 Be6 27. b3 Rad8 28. Rfd1 Rxd6 29. Bxd6 Qg4 30. Qxg4 Bxg4 31. Rd2 Rd8 32. c4 Kg8 33. c5 Kf7 34. h3 Be6 35. Kg1 Rd7 36. Kf2 f5 37. Rc2 Kf6 38. g3 g5 39. h4 h6 40. hxg5+ hxg5 41. b4 Bd5 42. a4 Bc6 43. a5 Ba4 44. Rc3 Bb5 45. Ra3 e4 46. Ke3 Rd8 47. Ra1 Re8 48. Rg1 Kg6 49. Rh1 Bc6 50. Rh2 Bb5 51. Rh3 Rg8 52. Rh2 Bc6 53. Rh3 Rg7 54. Rh2 Rf7 55. Rf2 Kg7 56. Rh2 Kg6 57. Rh3 Bd7 58. Rh2 Kg7 59. Rh1 Bc6 60. Rh2 Rd7 61. Rh1 Kf6 62. Rh2 Ke6 63. Rh6+ Kd5 64. Rh2 Kc4 65. Rb2 Kc3 66. Rf2 Kxb4 67. Rxf5 g4 68. Rf4 Kxa5 69. Rxg4 Kb5 70. Rf4 Rg7 71. g4 a5 72. Be5 Re7 73. Bd4 Rd7 74. g5 Bd5 75. g6 a4 76. g7 Rd8 77. Rf8 Rd7 78. g8=Q Bxg8 79. Rxg8 a3 80. Rg1 Kc4 81. Be5 Kxc5 82. Kxe4 Re7 83. Rc1+ Kb4 84. Rb1+ Ka4 85. Kd5 Rd7+ 86. Kc4 Re7 87. Rb4+ Ka5 88. Rb5+ Ka6 89. Bd4 Rd7 90. Rb3 Rc7+ 91. Kb4 b5 92. Rxa3+ Kb7 93. Ra7+ Kc6 94. Ra6+ Kd5 95. Bg1 Rc4+ 96. Kxb5 Rc7 97. Rb6 Rd7 98. Kb4 Rc7 99. Rb5+ Ke4 100. Rb6 Kd5 101. Bc5 Rxc5 102. Rb5 Rxb5+ 103. Kxb5 1/2-1/2


[Site "https://www.chess.com"]

[Event "Titled Tuesday Blitz February 28 Early 2023"]
[White "Hoffmann, Asa"]
[Black "Levine, David"]
[WhiteFideId "2001470"]
[BlackFideId "2011611"]
[WhiteElo "2117"]
[BlackElo "2115"]
[Result "0-1"]
[Round "05"]
[TimeControl "180+2"]
[Date "2023.02.28"]
[WhiteClock "0:00:17"]
[BlackClock "0:00:10"]

1. d4 d5 2. Bg5 f6 3. Bf4 Nc6 4. Nf3 Bg4 5. Nbd2 e6 6. Bg3 Bd6 7. e3 Nh6 8. c4 Nf7 9. Qb3 Na5 10. Qa4+ c6 11. c5 Bxg3 12. hxg3 b5 13. Qc2 Bf5 14. Bd3 Qd7 15. b3 Nb7 16. O-O-O a5 17. a3 O-O-O 18. e4 dxe4 19. Nxe4 Kb8 20. Nh4 Qd5 21. Nxf5 exf5 22. Nc3 Qxd4 23. Bxf5 Qxc5 24. Kb2 Ne5 25. f4 Nf7 26. Rxh7 Rxh7 27. Rxd8+ Nbxd8 28. Bxh7 Ne6 29. Qd3 Qd6 30. Qe3 Nd4 31. Bg8 Nd8 32. g4 Kc7 33. f5 Kd7 34. Ne4 Qe5 35. Ka2 Nb7 36. Bf7 Kc7 37. Be6 Nd6 0-1


[Site "https://www.chess.com"]

[Event "Titled Tuesday Blitz February 28 Early 2023"]
[White "Chemin, Justo Reinaldo"]
[Black "Tarasova, Viktoriya"]
[WhiteFideId "2101580"]
[BlackFideId "4175840"]
[WhiteElo "1940"]
[BlackElo "2182"]
[Result "1/2-1/2"]
[Round "05"]
[TimeControl "180+2"]
[Date "2023.02.28"]
[WhiteClock "0:00:12"]
[BlackClock "0:00:09"]

1. d4 Nf6 2. g4 h6 3. h3 d5 4. Bg2 c5 5. c3 Nc6 6. Nf3 Ne4 7. Nbd2 e6 8. e3 Nf6 9. Qe2 Be7 10. dxc5 Bxc5 11. e4 dxe4 12. Nxe4 Nxe4 13. Qxe4 O-O 14. Bf4 Qe7 15. h4 f5 16. gxf5 exf5 17. Qxe7 Bxe7 18. O-O-O Be6 19. Kb1 Rfd8 20. Rhe1 Bd5 21. Rxd5 Rxd5 22. Nd4 Rxd4 23. cxd4 Bxh4 24. d5 Nd8 25. d6 g5 26. Bd5+ Kf8 27. Bd2 Bxf2 28. Re7 Bc5 29. Rh7 Bxd6 30. Rxh6 Ke7 31. Bxg5+ Kd7 32. Rh7+ Kc8 33. Rh8 Kd7 34. Rh7+ Kc8 35. Rh8 Kd7 36. Rh7+ 1/2-1/2


[Site "https://www.chess.com"]

[Event "Titled Tuesday Blitz February 28 Early 2023"]
[White "Gutkin, Ilya"]
[Black "Bongo Akanga Ndjila, Barthelemy"]
[WhiteFideId "16203470"]
[BlackFideId "10609431"]
[WhiteElo "2265"]
[BlackElo "1768"]
[Result "1-0"]
[Round "05"]
[TimeControl "180+2"]
[Date "2023.02.28"]
[WhiteClock "0:00:39"]
[BlackClock "0:00:32"]

1. e4 e6 2. d4 d5 3. Nc3 Nf6 4. e5 Nfd7 5. f4 c5 6. Nf3 Nc6 7. Be3 a6 8. Qd2 b5 9. a3 b4 10. axb4 cxb4 11. Nd1 Be7 12. Bd3 h6 13. O-O O-O 14. f5 exf5 15. Bxf5 a5 16. Bxh6 Ba6 17. Re1 Qb6 18. Bxd7 Nxd4 19. Nxd4 gxh6 20. Re3 Bg5 21. Rg3 Kh8 22. Qf2 Rad8 23. Bf5 Bc8 24. c3 bxc3 25. bxc3 Bxf5 26. Qxf5 Qc5 27. Nf2 Ra8 28. Nh3 Qe7 29. Nxg5 hxg5 30. Rxg5 f6 31. Qh3+ Qh7 32. Rh5 Rf7 33. e6 Rg7 34. Nf5 Rb7 35. e7 Qxh5 36. Qxh5+ Kg8 37. Qg6+ 1-0


[Site "https://www.chess.com"]

[Event "Titled Tuesday Blitz February 28 Early 2023"]
[White "Flis, Pawel"]
[Black "Vaglio Munoz, Jaime"]
[WhiteFideId "1112864"]
[BlackFideId "6500145"]
[WhiteElo "1822"]
[BlackElo "2199"]
[Result "1-0"]
[Round "05"]
[TimeControl "180+2"]
[Date "2023.02.28"]
[WhiteClock "0:00:09"]
[BlackClock "0:00:10"]

1. e4 e6 2. d4 d5 3. Bd3 dxe4 4. Bxe4 Nf6 5. Bf3 c6 6. Ne2 Bd6 7. O-O Qc7 8. h3 h6 9. c4 Nbd7 10. Nbc3 O-O 11. Be3 e5 12. d5 Re8 13. g3 e4 14. Bg2 cxd5 15. Nxd5 Nxd5 16. cxd5 Nf6 17. Rc1 Qa5 18. Nc3 Bf5 19. Qb3 Be5 20. Rfd1 Qa6 21. Bf1 Qd6 22. Nb5 Qd7 23. Kg2 a6 24. Nd4 Bg6 25. a4 Qxd5 26. Qxd5 Nxd5 27. Nf5 Nxe3+ 28. Nxe3 f5 29. Nd5 Kh7 30. Nc7 Bxc7 31. Rxc7 Rab8 32. Rdd7 Rg8 33. Bc4 b5 34. Bxg8+ Rxg8 35. axb5 axb5 36. Rb7 Be8 37. Rd8 Bc6 38. Rxg8 Bxb7 39. Rb8 Bc6 40. Kf1 g5 41. Rb6 Bd5 42. Ke1 Bc4 43. Kd2 f4 44. gxf4 gxf4 45. b3 Bd3 46. Kc3 Kg7 47. Kd4 h5 48. h4 Kf7 49. Rh6 Kg7 50. Rxh5 b4 51. Rc5 Kf6 52. Rc6+ Kf5 53. h5 Be2 54. h6 Bh5 55. h7 e3 56. fxe3 f3 57. Rc8 f2 58. Rf8+ Kg6 59. h8=Q Bg4 60. Rxf2 Be6 61. Qf6+ Kh5 62. Qxe6 Kg5 63. Qg8+ Kh4 64. Rh2# 1-0


[Site "https://www.chess.com"]